 Dungeon Crawl Stone Soup version 0.27-a0-1189-gb8eb6cee8e (webtiles) character file.

Game seed: 10086002514834189715

18629 shoop the Fencer (level 12, 0/86 HPs)
             Began as a Demonspawn Delver on May 22, 2021.
             Was a High Priest of Makhleb.
             Slain by a frost giant
             ... wielding a +0 battleaxe of freezing
              (35 damage)
             ... in an ice cave on May 23, 2021.
             The game lasted 00:38:33 (9830 turns).

shoop the Fencer (Demonspawn Delver)                Turns: 9830, Time: 00:38:34

Health: 0/86       AC: 16    Str: 21    XL:     12   Next: 29%
Magic:  17/17      EV: 13    Int: 18    God:    Makhleb [*****.]
Gold:   717        SH: 10    Dex: 18    Spells: 11/11 levels left

rFire    . . .     SeeInvis .   z - +12 double sword of the Chickpea {speed, Int+4 Dex+3}
rCold    + . .     Faith    .   D - +1 buckler {rPois}
rNeg     . . .     Spirit   .   C - +0 swamp dragon scales
rPois    +         Reflect  .   P - +0 helmet
rElec    .         Harm     .   Q - +2 cloak {Will+}
rCorr    .         Rampage  .   b - +0 pair of gloves
Will     +....                  (no boots)
Stlth    ++........             Y - amulet of the acrobat
HPRegen  0.24/turn              K - +6 ring of strength
MPRegen  0.15/turn              a - ring of protection from cold

@: mighty, about to teleport
A: hooves 2, icy blue scales 2, powered by pain 1, condensation shield
a: Renounce Religion, Minor Destruction, Lesser Servant of Makhleb, Major
Destruction, Greater Servant of Makhleb


You were in an ice cave.
You worshipped Makhleb.
Makhleb was extremely pleased with you.
You visited 2 branches of the dungeon, and saw 15 of its levels.
You also visited: Ice Cave.

You collected 717 gold pieces.

Inventory:

Hand Weapons
 z - the +12 double sword of the Chickpea (weapon) {speed, Int+4 Dex+3}
   (You found it on level 5 of the Dungeon)

   Attacks with this weapon are significantly faster.
   It affects your intelligence (+4).
   It affects your dexterity (+3).
Missiles
 n - 7 javelins
 G - 41 poisoned darts (quivered)
 O - a curare-tipped dart
 R - 6 boomerangs
 T - 8 datura-tipped darts
 Z - a throwing net
Armour
 b - a +0 pair of gloves (worn)
 l - a +2 kite shield
 C - +0 swamp dragon scales (worn)
 D - a +1 buckler of poison resistance (worn)
 P - a +0 helmet (worn)
 Q - a +2 cloak of willpower (worn)
Jewellery
 a - a ring of protection from cold (right hand)
 m - the ring of Bumod {rF- rN+ Dex+8 Stlth+}
   (You found it on level 11 of the Dungeon)

   [ring of positive energy]

   It affects your dexterity (+8).
   It makes you vulnerable to fire.
   It protects you from negative energy.
   It makes you more stealthy.
 o - a +4 ring of protection
 q - an amulet of regeneration
 w - a ring of flight
 K - a +6 ring of strength (left hand)
 W - a ring of magical power
 X - a ring of resist corrosion
 Y - an amulet of the acrobat (around neck)
Wands
 g - a wand of digging (2)
 h - a wand of paralysis (11)
 r - a wand of iceblast (11)
 v - a wand of flame (15)
 x - a wand of charming (10)
 y - a wand of acid (6)
 M - a wand of polymorph (13)
 N - a wand of mindburst (12)
Scrolls
 c - 3 scrolls of fog
 d - 2 scrolls of magic mapping
 e - 2 scrolls of fear
 i - 3 scrolls of enchant armour
 j - a scroll of enchant weapon {unknown}
 u - a scroll of amnesia {unknown}
 A - a scroll of acquirement {unknown}
 H - a scroll of blinking {unknown}
 S - a scroll of teleportation
 V - a scroll of vulnerability
Potions
 f - 2 potions of haste
 k - 6 potions of curing
 p - 4 potions of mutation {unknown}
 s - 2 potions of might
 t - 4 potions of resistance
 B - 4 potions of flight {unknown}
 E - 2 potions of attraction {unknown}
 F - 3 potions of lignification {unknown}
 I - 2 potions of invisibility {unknown}
 J - 2 potions of brilliance {unknown}
 L - 2 potions of heal wounds
Miscellaneous
 U - a lightning rod (4/4)


   Skills:
 - Level 5.0 Fighting
 - Level 2.4(10.3) Short Blades
 + Level 15.0(15.1) Long Blades
 - Level 2.0 Staves
 - Level 2.0 Throwing
 - Level 3.0 Armour
 - Level 4.2 Dodging
 - Level 5.0 Stealth
 - Level 3.0 Shields
 - Level 7.0 Invocations
 - Level 3.2 Evocations


You had 11 spell levels left.
You didn't know any spells.
Your spell library contained the following spells:

 Spells                   Type           Power      Damage    Failure   Level
 Animate Skeleton         Necr           0%         N/A       38%         1
 Foxfire                  Conj/Fire      0%         2x1d4     38%         1
 Pain                     Necr           0%         1d4       38%         1
 Poisonous Vapours        Pois/Air       0%         N/A       52%         2
 Confusing Touch          Hex            0%         N/A       77%         3
 Conjure Flame            Conj/Fire      0%         6-21      77%         3
 Gell's Gravitas          Tloc           0%         N/A       77%         3
 Inner Flame              Hex/Fire       0%         N/A       77%         3
 Mephitic Cloud           Conj/Pois/Air  0%         N/A       77%         3
 Vampiric Draining        Necr           0%         2d6       77%         3
 Animate Dead             Necr           0%         N/A       99%         4
 Petrify                  Tmut/Erth      0%         N/A       99%         4
 Sticky Flame             Conj/Fire      0%         2d3       99%         4
 Agony                    Necr           0%         N/A       100%        5
 Fireball                 Conj/Fire      0%         3d3       100%        5
 Metabolic Englaciation   Hex/Ice        0%         N/A       100%        5
 Yara's Violent Unravell  Hex/Tmut       0%         3d3       100%        5
 Freezing Cloud           Conj/Ice/Air   0%         6-21      100%        6


Dungeon Overview and Level Annotations

Branches:
Dungeon (14/15)            Temple (1/1) D:7            Lair (0/6) D:9
    Orc (0/2) D:11          IceCv (1/1)
 Vaults: D:13-14

Altars:
Ashenzari
Gozag
Makhleb
Qazlal
Uskayaw
Vehumet
Beogh

Shops:
D:10 :

Annotations:
D:5 Sigmund


Innate Abilities, Weirdness & Mutations

You have hoof-like feet.
You are mostly covered in icy blue scales. (AC +3)
You sometimes gain a little power by taking damage.
A meltable shield of frost defends you. (SH +4)


Message History

(? for menu, Esc to cancel) < or
K - a +6 ring of strength; > or
w - a ring of flight You remove your ring of flight.
You float gracefully downwards.
a - a ring of protection from cold (right hand)
You start waiting.
A frost giant is nearby!
You slash the frost giant!
You kick the frost giant, but do no damage.
The frost giant is moderately wounded.
The frost giant hits you with a +0 battleaxe of freezing.
You hit the frost giant. You kick the frost giant.
The frost giant is moderately wounded.
The frost giant hits you with a +0 battleaxe of freezing.
The frost giant freezes you.
You hit the frost giant. You kick the frost giant.
The frost giant is moderately wounded.
You completely miss the frost giant.
You kick the frost giant, but do no damage.
The frost giant is moderately wounded.
The frost giant hits you with a +0 battleaxe of freezing!!!
You focus on the pain.
You feel very mighty all of a sudden. The frost giant freezes you.
Aiming: Paralyse
Press: ? - help, Shift-Dir - straight line, f/p - frost giant
Aim: a frost giant, wielding a +0 battleaxe of freezing (moderately wounded, poisoned, chance to affect: 11%)
Okay, then.
Unknown command.
Unknown command.
Press: ? - help, v - describe, . - travel
Here: a frost giant, wielding a +0 battleaxe of freezing (moderately wounded, poisoned)
The floor, spattered with blood.
Save game and exit?
Welcome back, shoop the Demonspawn Delver.
Blood and souls for Makhleb!
Press ? for a list of commands and other information.
As you read the scroll of teleportation, it crumbles to dust.
You feel strangely unstable.
The frost giant hits you with a +0 battleaxe of freezing!!
You die...

#≈≈# .# #≈≈# .# #≈≈# .## ##
###≈≈# ..###. ##≈≈≈≈# .....C
####≈≈≈≈≈##((.... ####
##..## #≈≈#C# . ####
####..###.C#.###≈≈≈≈#
##..###.#..#.#.@#...#..≈≈≈#
#.#.##.#..#....####..#.#≈≈≈#
#÷÷##...######## ###C###≈≈≈#
#.#..#.## ### #≈≈≈# #..#..##
##≈≈# #.#.#.# #≈≈# #..#.##
#### #≈# ##..#.## ##..## ≈#
####.÷### ##....#


You could see a frost giant (poisoned).

Vanquished Creatures
  2 two-headed ogres
  Urug (D:10)
  A deep elf pyromancer (D:12)
  2 manticores (D:7)
  An ugly thing (D:12)
  Maurice (D:9)
  Joseph (D:7)
  An ice statue (IceCv)
  2 kobold demonologists (D:11)
  Maggie (D:7)
  2 rime drakes (D:12)
  A tengu conjurer (D:12)
  13 polar bears (IceCv)
  Grinder (D:4)
  A hornet (D:9)
  2 shadows
  17 yaks
  2 vampires
  A wraith (D:9)
  Eustachio (D:5)
  The ghost of LordUnchemael the Cudgeller, an amateur GnCK of Xom (D:7)
  A wyvern (D:5)
  2 steam dragons
  5 water moccasins
  7 orc warriors
  An ogre (D:5)
  8 wolves (IceCv)
  3 centaurs
  4 kobold brigands
  Blork the orc (D:5)
  3 bullfrogs
  3 scorpions
  2 water moccasin skeletons
  6 killer bees (D:10)
  9 howler monkeys
  8 wights
  4 jellies
  6 centaur zombies
  A gnoll shaman (D:6)
  A bullfrog skeleton (D:5)
  2 orc priests
  Crazy Yiuf (D:3)
  3 centaur skeletons
  2 hounds
  2 iguanas
  8 orc wizards
  2 killer bee zombies (D:8)
  A hound skeleton (D:5)
  3 howler monkey zombies
  6 gnolls
  5 adders
  A white imp (D:6)
  An ufetubus (D:7)
  2 worms
  26 orcs
  3 endoplasms
  8 giant cockroaches
  6 goblins
  2 hobgoblins
  5 jackals
  2 quokkas
  6 ball pythons
  5 bats
  18 kobolds
  4 rats
254 creatures vanquished.

Notes
Turn   | Place    | Note
-------+----------+-------------------------------------------
     0 | D:5      | shoop the Demonspawn Delver began the quest for the Orb.
     0 | D:5      | Reached XP level 1. HP: 18/18 MP: 1/1
     4 | D:5      | Noticed an ogre
   134 | D:5      | Noticed Sigmund
   134 | D:5      | Noticed a scorpion
   164 | D:5      | Gained mutation: You have large cloven feet. [demonic
                  | ancestry]
   164 | D:5      | Reached XP level 2. HP: 5/24 MP: 2/2
   460 | D:3      | Found an opulent altar of Gozag.
   653 | D:3      | Reached skill level 5 in Stealth
   653 | D:3      | Reached skill level 1 in Evocations
   653 | D:3      | Reached XP level 3. HP: 17/29 MP: 3/3
   809 | D:3      | Found a runed translucent door.
   810 | D:3      | Noticed Crazy Yiuf
   819 | D:3      | Killed Crazy Yiuf
   820 | D:3      | Gained mutation: You sometimes gain a little power by
                  | taking damage. [demonic ancestry]
   820 | D:3      | Reached XP level 4. HP: 18/35 MP: 4/4
  1767 | D:2      | Reached skill level 1 in Staves
  2041 | D:3      | Gained mutation: You have hoof-like feet. [demonic
                  | ancestry]
  2041 | D:3      | Reached XP level 5. HP: 39/41 MP: 5/5
  2086 | D:3      | Found a burning altar of Makhleb.
  2094 | D:3      | Became a worshipper of Makhleb the Destroyer
  2533 | D:3      | Reached skill level 1 in Invocations
  2963 | D:4      | Noticed Grinder
  2965 | D:4      | Noticed an ogre
  2993 | D:5      | Reached XP level 6. HP: 47/47 MP: 7/7
  3032 | D:5      | HP: 1/47 [gnoll/+0 spear (5)]
  3119 | D:4      | Killed Grinder
  3120 | D:4      | Gained mutation: You are partially covered in icy blue
                  | scales. (AC +2) [demonic ancestry]
  3120 | D:4      | Reached XP level 7. HP: 48/52 MP: 8/11
  3294 | D:4      | Reached * piety under Makhleb
  3524 | D:5      | Noticed Blork the orc
  3884 | D:5      | Noticed a wyvern
  3891 | D:5      | Killed a wyvern
  3892 | D:5      | Reached skill level 1 in Armour
  3906 | D:5      | Found a broken altar of Ashenzari.
  3907 | D:5      | Found a radiant altar of Vehumet.
  4147 | D:4      | Reached XP level 8. HP: 61/61 MP: 13/13
  4172 | D:5      | Killed Blork the orc
  4184 | D:5      | Noticed Eustachio
  4246 | D:5      | Killed Eustachio
  4258 | D:5      | Identified the +12 double sword of the Chickpea {speed,
                  | Int+4 Dex+3}
  4281 | D:4      | Reached skill level 1 in Long Blades
  4376 | D:5      | Reached skill level 2 in Long Blades
  4592 | D:6      | Noticed a boulder beetle
  4650 | D:7      | Noticed Maggie
  4652 | D:7      | Reached skill level 3 in Long Blades
  4653 | D:7      | Noticed a manticore
  4656 | D:6      | Reached ** piety under Makhleb
  4692 | D:7      | Reached skill level 4 in Long Blades
  4764 | D:7      | Found a runed translucent gate.
  4783 | D:7      | Found a runed translucent gate.
  4783 | D:7      | Found a runed translucent gate.
  4785 | D:7      | Noticed LordUnchemael's ghost (amateur GnCK)
  4787 | D:7      | Identified the +0 chain mail of Misanthropy {-Tele rF++
                  | SInv Stlth+}
  4805 | D:7      | Found a staircase to the Ecumenical Temple.
  4821 | Temple   | Entered the Ecumenical Temple
  4843 | D:7      | Killed a manticore
  4844 | D:7      | Reached skill level 5 in Long Blades
  4844 | D:7      | Gained mutation: A meltable shield of frost defends you.
                  | (SH +4) [demonic ancestry]
  4844 | D:7      | Reached XP level 9. HP: 66/66 MP: 14/14
  4858 | D:7      | Killed Maggie
  4859 | D:7      | Reached skill level 6 in Long Blades
  5013 | D:7      | Reached skill level 5 in Fighting
  5032 | D:7      | Noticed Joseph
  5054 | D:7      | Killed Joseph
  5055 | D:7      | Reached skill level 7 in Long Blades
  5088 | D:7      | Noticed a manticore
  5103 | D:7      | Reached skill level 8 in Long Blades
  5150 | D:7      | Killed a manticore
  5151 | D:7      | Reached skill level 9 in Long Blades
  5680 | D:8      | Reached XP level 10. HP: 74/74 MP: 15/15
  5683 | D:8      | Reached skill level 1 in Shields
  5838 | D:8      | Reached *** piety under Makhleb
  6125 | D:7      | Killed LordUnchemael's ghost
  6475 | D:9      | Noticed Maurice
  6555 | D:9      | Reached skill level 10 in Long Blades
  6596 | D:9      | Found a staircase to the Lair.
  6616 | D:9      | Found a hide-covered altar of Uskayaw.
  6800 | D:9      | Reached skill level 1 in Throwing
  6886 | D:9      | Killed Maurice
  6899 | D:10     | Entered Level 10 of the Dungeon
  7014 | D:10     | Noticed a wizard
  7015 | D:10     | Noticed a two-headed ogre
  7017 | D:10     | Noticed a two-headed ogre
  7033 | D:9      | Killed a two-headed ogre
  7033 | D:9      | Reached **** piety under Makhleb
  7034 | D:9      | Reached skill level 11 in Long Blades
  7163 | D:10     | Found a stormy altar of Qazlal.
  7227 | D:10     | Noticed Urug
  7227 | D:10     | Noticed a two-headed ogre
  7244 | D:10     | Killed Urug
  7254 | D:10     | Killed a two-headed ogre
  7255 | D:10     | Reached XP level 11. HP: 79/79 MP: 16/16
  7352 | D:10     | Found Osaseu's Book Shop.
  7445 | D:10     | Reached skill level 12 in Long Blades
  8319 | D:11     | Identified the ring of Bumod {rF- rN+ Dex+8 Stlth+}
  8637 | D:11     | Reached skill level 13 in Long Blades
  8864 | D:11     | Reached ***** piety under Makhleb
  8893 | D:11     | Found a staircase to the Orcish Mines.
  9075 | D:11     | You fall into a shaft and drop 3 floors!
  9085 | D:13     | Noticed a tengu warrior
  9089 | D:12     | Noticed a deep elf pyromancer
  9120 | D:12     | Killed a deep elf pyromancer
  9191 | D:12     | Noticed a brown ugly thing
  9196 | D:12     | Noticed a boulder beetle
  9198 | D:12     | Killed a brown ugly thing
  9251 | D:12     | Found a frozen archway.
  9273 | IceCv    | Entered an ice cave
  9283 | IceCv    | Reached skill level 14 in Long Blades
  9331 | IceCv    | Gained mutation: You are mostly covered in icy blue scales.
                  | (AC +3) [demonic ancestry]
  9331 | IceCv    | Reached XP level 12. HP: 86/86 MP: 17/17
  9688 | IceCv    | Reached skill level 15 in Long Blades
  9707 | IceCv    | Noticed a frost giant
  9830 | IceCv    | Slain by a frost giant

Illustrated notes

Levels and vault maps discovered:
D:1:      ncdulo_watergridlock, layout_loops_corners, basic_ecumenical_altar
D:2:      layout_rooms, minmay_small_reverse_x
D:3:      layout_loops_corners, marbit_many_paths, nicolae_gozag_seed_capital,
          nrook_loot_triangle, uniq_crazy_yiuf_cottage
D:4:      layout_basic, uniq_grinder
D:5:      layout_basic, gammafunk_temple_overflow_wave, sword_in_stone,
          uniq_sigmund, uniq_blork_the_orc
D:6:      kennysheep_big_flooded_room, layout_gridville
D:7:      layout_rooms, minmay_temple_entry_drinking_statues,
          biasface_ghost_orc_armoury, amcnicky_mini_pool_small, dk_vineyard_1,
          minmay_quadrilaterals, uniq_maggie, uniq_joseph
D:8:      layout_rooms, st_stairs_3
D:9:      layout_loops_ring, nicolae_uskayaw_dance_studio, lair_entry_dummy,
          chequers_garden, ldierk_geyser, uniq_maurice
D:10:     minmay_skewed_foursquare, layout_cave_pods, amcnicky_altar_gilded,
          serial_shops, nicolae_shop_waterfront, minmay_chambers_of_fives,
          uniq_urug
D:11:     layout_loops_ring, david_orc_4
D:12:     wander_river, layout_loops_ring, portal_ice_cave_rime,
          evilmike_butchery
D:13:     layout_small_grid, grunt_vaults_entry_fortified,
          kennysheep_generic_room_3
D:14:     layout_basic, hex_tiny
Temple:   nicolae_temple_elliptical
IceCv:    ice_cave_small_giant

Skill      XL: |  1  2  3  4  5  6  7  8  9 10 11 12 |
---------------+-------------------------------------+-----
Short Blades   | 2 |  2.4
Dodging        | 2 3 4 |  4.2
Stealth        | 5 |  5.0
Evocations     | 1 2 3 |  3.2
Staves         | 1 2 |  2.0
Invocations    | 2 6 7 |  7.0
Armour         | 2 3 |  3.0
Fighting       | 4 5 |  5.0
Long Blades    | 5 9 11 14 15 | 15.0
Shields        | 3 |  3.0
Throwing       | 2 |  2.0

Action                   |  1- 3 |  4- 6 |  7- 9 | 10-12 || total
-------------------------+-------+-------+-------+-------++-------
Melee: Short sword       |    34 |       |       |       ||    34
       Kick              |     5 |    15 |    57 |   175 ||   252
       Quarterstaff      |       |   112 |    80 |       ||   192
       Double sword      |       |       |    93 |   399 ||   492
Throw: Javelin           |       |       |     2 |       ||     2
       Dart              |       |       |       |    15 ||    15
Invok: Lesser Servant of |       |       |       |     1 ||     1
Evoke: Wand              |       |     3 |    13 |     3 ||    19
  Use: Scroll            |       |       |     4 |     4 ||     8
 Stab: Sleeping          |     1 |     9 |     6 |     5 ||    21
       Paralysed         |       |       |     9 |     4 ||    13
       Distracted        |       |       |     2 |     1 ||     3
Armor: Leather armour    |    11 |    28 |    35 |       ||    74
       Swamp dragon scal |       |       |     7 |    74 ||    81
Dodge: Dodged            |    21 |    64 |    98 |   119 ||   302
Block: Other             |       |       |     2 |     7 ||     9
       Buckler           |       |       |       |   102 ||   102
       Rpst.: Double sword |       |       |     6 |    25 ||    31

Table legend: (Time is in decaauts)
 A = Elapsed time spent in this place.
 B = Non-inter-level travel time spent in this place.
 C = Inter-level travel time spent in this place.
 D = Time resting spent in this place.
 E = Time spent auto-exploring this place.
 F = Levels seen in this place.
 G = Mean time per level.
                   A        B        C        D        E       F      G
               +--------+--------+--------+--------+--------+-----+--------+
         Total |   9702 |   9178 |    524 |    914 |   5742 |  16 |  606.4 |
       Dungeon |   9181 |   8657 |    524 |    885 |   5579 |  14 |  655.8 |
        Temple |     15 |     15 |      0 |     14 |      0 |   1 |   15.0 |
      Ice Cave |    505 |    505 |      0 |     14 |    163 |   1 |  505.0 |
               +--------+--------+--------+--------+--------+-----+--------+

Top non-repeatable levels by time:
     D:3: 1561 daAuts
    D:10: 1241 daAuts
     D:5: 1113 daAuts
     D:7: 944 daAuts
    D:11: 775 daAuts
     D:9: 742 daAuts
     D:4: 730 daAuts
     D:8: 552 daAuts
     D:1: 542 daAuts
   IceCv: 505 daAuts
     D:2: 465 daAuts
     D:6: 321 daAuts
    D:12: 177 daAuts
  Temple: 15 daAuts
    D:14: 8 daAuts
